Map: Prion Terraces

Players

LilDicky - Winner!

  • Race: Terran Terran
  • League: Diamond

Regression

  • Race: Terran Terran
  • League: Gold

VOD

http://www.twitch.tv/tumescentpie

Description

Time

  • Played on: Nov. 24, 2015, 5:20 p.m.
  • Length: 8:30
Show
View Real Time Build Order
Export as new Build Order

LilDicky Terran - Winner!

Build Orders: MMM Bio 

Get SALT Encoding   

  12  0:01  SCV  
  13  0:13  SCV  
  14  0:19  Supply Depot  
  14  0:25  SCV  
  15  0:28  Refinery  
  15  0:40  SCV  
  16  0:44  Barracks  
  16  0:53  SCV  
  17  1:02  Barracks  
  17  1:08  SCV  
  18  1:20  SCV  
  19  1:31  Supply Depot  
  19  1:34  Reaper  
  19  1:36  Orbital Command  
  20  1:51  Reaper, Barracks  
  21  2:02  SCV  
  21  2:06  Reaper  
  23  2:14  SCV  
  24  2:19  Refinery  
  24  2:22  Supply Depot  
  24  2:23  Reaper  
  25  2:30  SCV  
  26  2:39  Reaper  
  27  2:48  Reaper  
  28  2:58  SCV  
  28  3:04  Reaper  
  30  3:07  Command Center, Supply Depot  
  29  3:34  Reaper x2  
  31  3:58  Reaper  
  31  4:06  Reaper  
  31  4:07  Reaper  
  33  4:11  SCV  
  33  4:13  Engineering Bay  
  33  4:15  Barracks  
  33  4:16  Barracks  
  34  4:17  Barracks  
  34  4:30  Reaper  
  32  4:39  Reaper  
  33  4:46  Marine  
  33  4:51  Missile Turret  
  32  4:53  Missile Turret  
  32  4:54  Missile Turret  
  32  4:55  Missile Turret  
  30  5:07  Marine x2  
  29  5:08  Barracks Tech Lab x2  
  29  5:09  Marine  
  29  5:10  Marine  
  29  5:11  SCV x2  
  35  5:23  SCV  
  35  5:24  Marine  
  35  5:25  Marine  
  38  5:28  Marine x2  
  38  5:30  Factory  
  37  5:35  Marine x2  
  37  5:38  SCV  
  37  5:42  Marine  
  40  5:45  Marine  
  40  5:46  Marine  
  42  5:53  Marine  
  42  5:55  Marine x2  
  45  6:00  Marine  
  45  6:01  Orbital Command  
  46  6:07  Missile Turret  
  46  6:08  Marine  
  46  6:10  Marine  
  48  6:14  SCV  
  48  6:16  Factory Reactor  
  49  6:22  Marine x2  
  49  6:23  Marine  
  52  6:26  SCV  
  52  6:27  Stimpack  
  52  6:29  Combat Shields  
  53  6:46  Marine x3  
  56  6:47  SCV  
  56  6:51  SCV, Missile Turret  
  56  6:52  Marine x3  
  61  6:59  SCV  
  61  7:00  Supply Depot, Starport  
  62  7:05  Supply Depot  
  62  7:13  Supply Depot  
  62  7:21  Widow Mine x2  
  62  7:22  Marine x4  
  66  7:49  Marine  
  66  7:50  Marine x2  
  66  7:51  Marauder  
  70  7:56  Barracks Reactor  
  70  7:57  Viking, Widow Mine  
  70  7:58  Widow Mine  
  76  8:07  Command Center  
Show
View Real Time Build Order
Export as new Build Order

Regression Terran 

Build Orders:  

Get SALT Encoding   

  12  0:01  SCV  
  13  0:13  SCV  
  14  0:18  Supply Depot  
  14  0:25  SCV  
  15  0:40  SCV  
  15  0:42  Barracks  
  16  0:48  Refinery  
  16  0:52  SCV  
  17  1:04  SCV  
  18  1:19  SCV  
  19  1:30  Supply Depot  
  19  1:31  Orbital Command  
  19  1:32  Marine  
  20  1:48  Command Center  
  20  1:52  Marine  
  21  2:00  SCV  
  22  2:06  Factory  
  22  2:12  SCV  
  22  2:13  Marine  
  24  2:17  Refinery  
  24  2:24  SCV  
  25  2:30  Supply Depot  
  25  2:36  SCV  
  25  2:45  Marine  
  26  2:53  Hellion  
  26  2:54  Starport  
  28  3:00  SCV  
  30  3:12  SCV  
  30  3:15  Barracks Tech Lab  
  27  3:26  Hellion  
  27  3:27  SCV  
  25  3:47  Hellion  
  25  3:58  Marine  
  25  4:02  Banshee  
  26  4:09  Hellion  
  14  4:30  Hellion  
  8  4:44  Banshee  
  9  5:11  SCV  
  10  5:23  SCV  
  11  5:37  Starport Tech Lab  
  11  5:41  Orbital Command  
  11  5:59  SCV  
  12  6:05  Banshee  
  12  6:11  SCV  
  16  6:12  SCV  
  17  6:25  SCV  
  18  6:44  SCV x2  
  20  6:52  Factory Reactor  
  20  6:56  SCV x2  
  22  7:08  SCV x2  
  24  7:20  SCV  
  22  7:36  Hellion  
  14  7:49  Hellion  
Tags
 
Add a new tag
Caveats
  • Supply blocks, unpowered buildings, or Contaminate may cause inaccurate times.
  • Supply counts are checked every 10 seconds.